 Dungeon Crawl Stone Soup version 0.22-a0-558-gc2241811a9 (webtiles) character file.

82 AsandaNima the Sneak (level 4, -7/21 HPs)
             Began as a Spriggan Enchanter on June 26, 2018.
             Killed by nerve-wracking pain
             ... invoked by an orc priest
              (11 damage)
             ... on level 3 of the Dungeon.
             The game lasted 00:12:58 (2931 turns).

AsandaNima the Sneak (Spriggan Enchanter)           Turns: 2931, Time: 00:12:58

Health: -7/21      AC:  2    Str:  4    XL:     4   Next: 21%
Magic:  2/9        EV: 19    Int: 17    God:
Gold:   70         SH:  0    Dex: 16    Spells: 2/8 levels left

rFire    + . .     SeeInvis +   m - +2 dagger (speed)
rCold    x . .     Gourm    .   (shield restricted)
rNeg     . . .     Faith    .   b - +0 robe
rPois    .         Spirit   .   (helmet restricted)
rElec    .         Reflect  .   (no cloak)
rCorr    .         Harm     .   (gloves unavailable)
MR       .....                  (boots unavailable)
Stlth    +++.......             (no amulet)
HPRegen  0.07/turn              c - ring of fire
MPRegen  0.11/turn              (no ring)

@: very quick
A: very small, unfitting armour, see invisible, herbivore, speed 3, slow
metabolism 2
a: no special abilities


You were on level 3 of the Dungeon.
You were not hungry.

You visited 1 branch of the dungeon, and saw 3 of its levels.

You collected 70 gold pieces.

Inventory:

Hand Weapons
 m - a +2 dagger of speed (weapon)
Armour
 b - a +0 robe (worn)
Jewellery
 c - a ring of fire (left hand)
Scrolls
 o - a scroll of remove curse
 p - a scroll of magic mapping {unknown}
Potions
 e - a potion of curing {unknown}
 f - a potion of brilliance {unknown}
 g - a potion of berserk rage {unknown}
 h - a potion of mutation {unknown}
 k - a potion of lignification {unknown}
Comestibles
 d - 4 rations


   Skills:
 - Level 1.1 Short Blades
 + Level 4.1 Dodging
 + Level 5.4 Stealth
 - Level 2.6 Spellcasting
 * Level 5.0 Hexes


You had 2 spell levels left.
You knew the following spells:

 Your Spells              Type           Power        Failure   Level  Hunger
a - Corona                Hex            ###....      2%          1    #......
b - Ensorcelled Hibernat  Hex/Ice        ##....       10%         2    ##.....
c - Confuse               Hex            ###.....     7%          3    ###....

Your spell library contained the following spells:

 Spells                   Type           Power        Failure   Level  Hunger
 Tukima's Dance           Hex            ###.....     7%          3    ###....
 Dazzling Spray           Conj/Hex       ##....       19%         3    ###....


Dungeon Overview and Level Annotations

Branches:
Dungeon (3/15)

Altars:
Sif Muna
Yredelemnul


Innate Abilities, Weirdness & Mutations

You are very small and have problems with some larger weapons.
You are too small for most types of armour.
You have supernaturally acute eyesight. (SInv)
You are a herbivore.
You cover ground extremely quickly.
You need to consume almost no food.


Message History

Your Dodging skill increases to level 4!
Your Hexes skill increases to level 5!
You have reached level 4!
Casting: Ensorcelled Hibernation (safe; 10% risk of failure)
Confirm with . or Enter, or press ? or * to list all spells.
Aiming: Ensorcelled Hibernation (safe; 10% risk of failure)
Press: ? - help, Shift-Dir - straight line, f - orc priest
Aim: an orc priest, wielding a falchion and wearing a leather armour (chance to defeat MR: 41%)
The orc priest resists with some effort.
The orc barely misses you.
Casting: Ensorcelled Hibernation (safe; 10% risk of failure)
Confirm with . or Enter, or press ? or * to list all spells.
Aiming: Ensorcelled Hibernation (safe; 10% risk of failure)
Press: ? - help, Shift-Dir - straight line, f/p - orc priest
Aim: an orc priest, wielding a falchion and wearing a leather armour (chance to defeat MR: 41%)
The orc priest resists with some effort.
The orc priest invokes the aid of Beogh against you.
Pain shoots through your body!
Ouch! That really hurt!
You die...

####.## ......
##.... .. ...#
....#######.o#
..o.....#<...#
....o.#.#o...#
....s #o#.o..#
.#.. #@#..#.#
#.. #o##.#.#
#... #....#.#
#....######.#
#./.o.o.....#
#....########
####


You could see an orc priest and an orc.

Vanquished Creatures
  An orc wizard (D:3)
  A worm (D:2)
  3 dart slugs
  2 leopard geckos
  An orc (D:3)
  4 giant cockroaches
  2 hobgoblins
  2 jackals (D:1)
  2 quokkas (D:2)
  6 bats
  A frilled lizard (D:1)
  6 goblins
  5 kobolds
  4 rats
  A spectral orc (D:2)
41 creatures vanquished.

Notes
Turn   | Place    | Note
-------+----------+-------------------------------------------
     0 | D:1      | AsandaNima the Spriggan Enchanter began the quest for the Orb.
     0 | D:1      | Reached XP level 1. HP: 9/9 MP: 5/5
   558 | D:1      | Reached XP level 2. HP: 8/13 MP: 6/6
   682 | D:1      | Learned a level 2 spell: Ensorcelled Hibernation
  1485 | D:2      | Reached skill level 5 in Stealth
  1485 | D:2      | Reached XP level 3. HP: 16/16 MP: 8/8
  1500 | D:2      | Found a basalt altar of Yredelemnul.
  1531 | D:2      | Learned a level 3 spell: Confuse
  2083 | D:2      | Found a deep blue altar of Sif Muna.
  2929 | D:3      | Reached skill level 5 in Hexes
  2929 | D:3      | Reached XP level 4. HP: 3/21 MP: 5/9
  2931 | D:3      | Killed from afar by an orc priest

Vault maps used:
D:1:      scummos_arrival_simple_fountains, corner_web_ring, minmay_liquid_box,
          hex_intersection
D:2:      yredelemnul_forgotten_temple_becter, interstate_on_off,
          lemuel_blue_sif_altar
D:3:      cheibrodos_pilgrimage, uniq_grinder, uniq_natasha,
          uniq_crazy_yiuf_cottage

Skill      XL: |  1  2  3 |
---------------+----------+-----
Hexes          | 4 5 |  5.0
Stealth        | 5 |  5.4
Dodging        | 4 |  4.1
Short Blades   | |  1.1
Spellcasting   | |  2.6

Action                   |  1- 3 |  4- 6 || total
-------------------------+-------+-------++-------
Melee: Dagger            |   153 |       ||   153
 Cast: Corona            |     9 |       ||     9
       Ensorcelled Hiber |    31 |     2 ||    33
  Use: Scroll            |     4 |       ||     4
 Stab: Distracted        |     1 |       ||     1
       Sleeping          |    29 |       ||    29
  Eat: Ration            |     1 |       ||     1
Armor: Robe              |    17 |       ||    17
Dodge: Dodged            |   144 |     1 ||   145

Table legend:
 A = Spawn XP
 B = Non-spawn XP
 C = Spawn XP percentage of total XP
 D = Spawn monster count
 E = Non-spawn monster count
 F = Spawn count percentage of total count
 G = Total turns spent on level
                    A         B        C        D         E        F      G
               +---------+---------+-------+---------+---------+-------+---------
         Total |       0 |     118 |   0.0 |       0 |      41 |   0.0 |  2931
               +---------+---------+-------+---------+---------+-------+---------
           D:1 |       0 |      40 |   0.0 |       0 |      22 |   0.0 |  1434
           D:2 |       0 |      35 |   0.0 |       0 |      17 |   0.0 |  1441
           D:3 |       0 |      43 |   0.0 |       0 |       2 |   0.0 |    56
               +---------+---------+-------+---------+---------+-------+---------
